 Dungeon Crawl Stone Soup version 0.24.0-123-gd5b16e6ec5 (webtiles) character file.

Game seed: 14430103798587426866, levelgen mode: deterministic

6488 FishyPogo the Magician (level 11, -6/84 HPs)
             Began as a Gnoll Skald on Jan 12, 2020.
             Was a High Priest of Makhleb.
             Splashed by an orc wizard's acid (7 damage)
             ... on level 10 of the Dungeon.
             The game lasted 00:43:57 (8486 turns).

FishyPogo the Magician (Gnoll Skald)                Turns: 8486, Time: 00:43:57

Health: -6/84      AC: 10    Str: 17    XL:     11   Next: 0%
Magic:  13/22      EV: 15    Int: 15    God:    Makhleb [*****.]
Gold:   199        SH:  9    Dex: 15    Spells: 14/25 levels left

rFire    . . .     SeeInvis .   a - +5 scimitar
rCold    . . .     Gourm    .   J - +0 buckler
rNeg     + . .     Faith    .   W - +2 ring mail {rPois}
rPois    +         Spirit   .   X - +0 helmet (curse)
rElec    .         Reflect  .   o - +1 cloak
rCorr    .         Harm     .   (no gloves)
MR       .....     Clarity  +   (no boots)
Stlth    ++........             x - amulet of the acrobat
HPRegen  1.24/turn              q - +3 ring of protection
MPRegen  0.18/turn              T - ring of positive energy

@: corroded, regenerating
A: distributed training, fangs 1, large bone plates 1, clarity, poison
resistance, strong nose
a: Minor Destruction, Lesser Servant of Makhleb, Major Destruction, Greater
Servant of Makhleb, Renounce Religion


You were on level 10 of the Dungeon.
You worshipped Makhleb.
Makhleb was extremely pleased with you.
You were not hungry.

You visited 1 branch of the dungeon, and saw 10 of its levels.
You also visited: Sewer and Ossuary.

You collected 374 gold pieces.
You spent 175 gold pieces at shops.

Inventory:

Hand Weapons
 a - a +5 scimitar (weapon)
 b - a +2 vampiric dagger
Missiles
 c - 27 poisoned darts
 i - 361 stones
 w - 4 atropa-tipped darts
 F - 2 boomerangs (quivered)
Armour
 o - a +1 cloak (worn)
 I - the +1 leather armour of the Dropbear {rN++}
   (You bought it in a shop on level 6 of the Dungeon)

   It greatly protects you from negative energy.
 J - a +0 buckler (worn)
 S - a cursed +0 robe
 U - a +1 chain mail of cold resistance
 W - a +2 ring mail of poison resistance (worn)
 X - a cursed +0 helmet (worn)
Magical Staves
 P - an uncursed staff of death
Jewellery
 l - an uncursed ring of magical power
 p - an uncursed ring of stealth
 q - a +3 ring of protection (left hand)
 x - an amulet of the acrobat (around neck)
 H - an uncursed ring of wizardry
 T - a ring of positive energy (right hand)
Wands
 s - a wand of paralysis (11)
 C - a wand of flame (36)
 L - a wand of random effects (42)
 N - a wand of iceblast (4)
Scrolls
 e - 4 scrolls of teleportation
 f - 2 scrolls of remove curse
 g - a scroll of amnesia
 k - 8 scrolls of identify
 n - a scroll of fog
 t - 2 scrolls of fear {unknown}
 y - a scroll of magic mapping
 D - 2 scrolls of blinking
 E - a scroll of vulnerability {unknown}
 G - 3 scrolls of immolation
 O - a scroll of noise {unknown}
 Q - 2 scrolls of enchant weapon {unknown}
 R - 3 scrolls of random uselessness {unknown}
Potions
 h - 2 potions of ambrosia {unknown}
 j - 2 potions of magic {unknown}
 m - 4 potions of mutation
 r - 7 potions of curing {unknown}
 u - a potion of might
 v - 2 potions of flight {unknown}
 z - a potion of lignification
 A - 3 potions of heal wounds
 B - a potion of agility
 K - 3 potions of degeneration {unknown}
 M - a potion of haste {unknown}
Comestibles
 d - 29 rations
 V - 5 chunks of flesh


   Skills:
 + Level 7.4 Fighting
 + Level 7.4 Short Blades
 + Level 5.7 Long Blades
 + Level 5.7 Axes
 + Level 5.7 Maces & Flails
 + Level 5.7 Polearms
 + Level 5.7 Staves
 + Level 5.7 Slings
 + Level 5.7 Bows
 + Level 5.7 Crossbows
 + Level 5.7 Throwing
 + Level 6.3 Armour
 + Level 7.4 Dodging
 + Level 5.7 Stealth
 + Level 5.7 Shields
 + Level 5.7 Unarmed Combat
 + Level 7.7 Spellcasting
 + Level 4.7 Conjurations
 + Level 4.7 Hexes
 + Level 7.3 Charms
 + Level 4.7 Summonings
 + Level 4.7 Necromancy
 + Level 4.7 Translocations
 + Level 4.7 Transmutations
 + Level 4.7 Fire Magic
 + Level 4.7 Ice Magic
 + Level 4.7 Air Magic
 + Level 4.7 Earth Magic
 + Level 4.7 Poison Magic
 + Level 6.2 Invocations
 + Level 5.7 Evocations


You had 14 spell levels left.
You knew the following spells:

 Your Spells              Type           Power        Failure   Level  Hunger
h - Regeneration          Chrm/Necr      ###.......   5%          3    ##.....
n - Spectral Weapon       Hex/Chrm       ###.....     5%          3    ##.....
p - Shroud of Golubria    Chrm/Tloc      ###...       2%          2    None
u - Song of Slaying       Chrm           ####....     1%          2    None
y - Infusion              Chrm           ####         1%          1    None

Your spell library contained the following spells:

 Spells                   Type           Power        Failure   Level  Hunger


Dungeon Overview and Level Annotations

Branches:
Dungeon (10/15)            Temple (0/1) D:6            Lair (0/6) D:9
    Orc (0/2) D:9           Sewer (visited)         Ossuary (visited)

Altars:
Ashenzari
Cheibriados
Dithmenos
Gozag
Kikubaaqudgha
Makhleb
Nemelex Xobeh
Qazlal
Ru
Trog
Vehumet
Wu Jian
Yredelemnul
The Shining One

Shops:
D:5 :   D:6 [

Annotations:
D:4 Natasha
D:10 3 runed translucent doors, Elellon's ghost, novice HOFi


Innate Abilities, Weirdness & Mutations

Your experience applies equally to all skills.
You have very sharp teeth.
Your uncanny sense of smell can sniff out nearby items.
You are partially covered in large bone plates. (SH +4)
You possess an exceptional clarity of mind.
Your system is resistant to poisons. (rPois)


Message History

The bolt of acid misses you.
The orc warrior hits you with a +0 mace!
* * * LOW HITPOINT WARNING * * *
Your shroud falls apart!
It was a potion of mutation.
You feel extremely strange.
Your thoughts seem clearer.
Large bone plates grow over parts of your arms.
You feel resistant to poisons.
You hear some strange, mumbled words.
A magic dart appears from out of thin air!
The magic dart hits you but does no damage.
Casting: Spectral Weapon (safe; 5% risk of failure)
Confirm with . or Enter, or press ? or * to list all spells.
Your skin crawls.
You block the orc warrior's attack.
You hear a zap.
A bolt of acid appears from out of thin air!
The bolt of acid hits you!!
* * * LOW HITPOINT WARNING * * *
The acid corrodes you!
You are splashed with acid!
You die...

......# #.....
#.....#....... #.....
#.....#....... #.....
#.....#....... #.....
#.....#....... #.....
#.....#....... #.....
..##...).#....... #.....
.......(.#....# #..##.
.......@{'....#####..##.
.#######o#....##........
#.#....##........
#.#....##........
#.#....##........
#.#....##........
#.#....##........
#.#....##........
#######.# #........


You could see an orc warrior and a friendly spectral +5 scimitar.

Vanquished Creatures
  Erolcha (D:9)
  A two-headed ogre (D:9)
  A gargoyle (D:10)
  A hornet (D:7)
  2 wargs (D:9)
  Purgy (Sewer)
  A black bear (D:9)
  2 orc warriors
  An ice beast (D:8)
  A phantom (D:4)
  2 eyes of draining (D:4)
  4 ogres
  4 centaurs
  An elf zombie (Ossuary)
  2 big kobolds
  6 bullfrogs
  2 scorpions
  14 wights
  A howler monkey (D:8)
  3 crimson imps
  2 quasits
  5 hounds
  Crazy Yiuf (D:2)
  9 orc priests
  5 jellies
  Terence (D:3)
  Natasha (D:4)
  An iguana (D:8)
  3 worker ants
  10 orc wizards
  A hound skeleton (D:8)
  4 mummies
  2 worker ant zombies
  7 adders
  14 gnolls
  2 oozes
  2 adder zombies
  2 adder skeletons (D:4)
  3 worms
  2 dart slugs
  10 leopard geckos
  44 orcs
  4 ball pythons
  7 giant cockroaches
  A gnoll zombie (Ossuary)
  9 hobgoblins
  12 jackals
  12 kobolds
  2 quokkas
  7 bats
  6 frilled lizards
  A giant cockroach zombie (D:6)
  4 goblins
  6 goblin zombies (Ossuary)
  A hobgoblin zombie (D:5)
  A jackal skeleton (D:4)
  6 kobold zombies
  A leopard gecko zombie (D:6)
  A quokka skeleton (D:7)
  A quokka zombie (Ossuary)
  5 rats
  3 rat zombies (Ossuary)
272 creatures vanquished.

Vanquished Creatures (collateral kills)
  An ogre (D:7)
1 creature vanquished.

Vanquished Creatures (others)
  An orc wizard (D:4)
  A spectral weapon (D:10)
2 creatures vanquished.

Grand Total: 275 creatures vanquished

Notes
Turn   | Place    | Note
-------+----------+-------------------------------------------
     0 | D:1      | FishyPogo the Gnoll Skald began the quest for the Orb.
     0 | D:1      | Reached XP level 1. HP: 20/20 MP: 6/6
   267 | D:1      | Reached XP level 2. HP: 25/26 MP: 7/7
   944 | D:2      | Learned a level 2 spell: Song of Slaying
   947 | D:2      | Learned a level 2 spell: Shroud of Golubria
  1083 | D:2      | Reached XP level 3. HP: 27/31 MP: 9/9
  1086 | D:2      | Reached skill level 5 in Spellcasting
  1091 | D:2      | Learned a level 3 spell: Regeneration
  1095 | D:2      | Learned a level 3 spell: Spectral Weapon
  1328 | D:2      | Reached skill level 1 in Invocations
  1363 | D:2      | Reached skill level 1 in Long Blades
  1363 | D:2      | Reached skill level 1 in Axes
  1363 | D:2      | Reached skill level 1 in Maces & Flails
  1363 | D:2      | Reached skill level 1 in Polearms
  1363 | D:2      | Reached skill level 1 in Staves
  1363 | D:2      | Reached skill level 1 in Slings
  1363 | D:2      | Reached skill level 1 in Bows
  1363 | D:2      | Reached skill level 1 in Crossbows
  1363 | D:2      | Reached skill level 1 in Throwing
  1363 | D:2      | Reached skill level 1 in Stealth
  1363 | D:2      | Reached skill level 1 in Shields
  1363 | D:2      | Reached skill level 1 in Unarmed Combat
  1363 | D:2      | Reached skill level 1 in Evocations
  1407 | D:2      | Reached XP level 4. HP: 30/38 MP: 11/11
  1420 | D:2      | Found a burning altar of Makhleb.
  1426 | D:2      | Became a worshipper of Makhleb the Destroyer
  1479 | D:2      | Found a stormy altar of Qazlal.
  1785 | D:2      | Reached skill level 1 in Conjurations
  1785 | D:2      | Reached skill level 1 in Hexes
  1785 | D:2      | Reached skill level 1 in Summonings
  1785 | D:2      | Reached skill level 1 in Necromancy
  1785 | D:2      | Reached skill level 1 in Translocations
  1785 | D:2      | Reached skill level 1 in Transmutations
  1785 | D:2      | Reached skill level 1 in Fire Magic
  1785 | D:2      | Reached skill level 1 in Ice Magic
  1785 | D:2      | Reached skill level 1 in Air Magic
  1785 | D:2      | Reached skill level 1 in Earth Magic
  1785 | D:2      | Reached skill level 1 in Poison Magic
  1811 | D:2      | Found a runed translucent door.
  1812 | D:2      | Noticed Crazy Yiuf
  1838 | D:2      | Killed Crazy Yiuf
  1838 | D:2      | Reached XP level 5. HP: 12/43 MP: 9/12
  2240 | D:3      | Reached * piety under Makhleb
  2385 | D:3      | Reached XP level 6. HP: 45/50 MP: 13/13
  2456 | D:3      | Found an ancient bone altar of Kikubaaqudgha.
  2456 | D:3      | Noticed Terence
  2472 | D:3      | Killed Terence
  2798 | D:4      | Found an ornate altar of the Wu Jian Council.
  2817 | D:4      | Found a snail-covered altar of Cheibriados.
  2894 | D:4      | Noticed a phantom
  2987 | D:4      | Reached skill level 5 in Fighting
  2987 | D:4      | Reached skill level 5 in Short Blades
  2987 | D:4      | Reached skill level 5 in Dodging
  3069 | D:4      | Noticed Natasha
  3078 | D:4      | Killed Natasha
  3081 | D:4      | Reached XP level 7. HP: 40/56 MP: 12/15
  3129 | D:4      | Found a shattered altar of Ashenzari.
  3304 | D:4      | Reached ** piety under Makhleb
  3324 | D:4      | Found a basalt altar of Yredelemnul.
  3481 | D:4      | Noticed Natasha
  3666 | D:4      | Found a bloodstained altar of Trog.
  3693 | D:4      | Reached XP level 8. HP: 63/63 MP: 0/16
  3736 | D:5      | Entered Level 5 of the Dungeon
  3745 | D:5      | Found a glowing drain.
  3782 | Sewer    | Entered a sewer
  3858 | Sewer    | Noticed Purgy
  3881 | Sewer    | Killed Purgy
  4049 | D:5      | Found Woupab Vigh's Book Shop.
  4109 | D:5      | Found a sand-covered staircase.
  4113 | Ossuary  | Entered an ossuary
  4168 | Ossuary  | Reached *** piety under Makhleb
  4855 | D:6      | Found Gielo's Antique Armour Shop.
  4863 | D:6      | Bought a shimmering leather armour for 175 gold pieces
  4873 | D:6      | Identified the cursed +1 leather armour of the Dropbear
                  | {rN++} (You bought it in a shop on level 6 of the Dungeon)
  4930 | D:6      | Found a staircase to the Ecumenical Temple.
  5034 | D:6      | Reached XP level 9. HP: 69/69 MP: 4/18
  5064 | D:6      | Found a radiant altar of Vehumet.
  5973 | D:7      | Reached **** piety under Makhleb
  6161 | D:7      | Found an opulent altar of Gozag.
  6227 | D:7      | Reached skill level 5 in Armour
  6358 | D:7      | Noticed a hornet
  6365 | D:7      | Killed a hornet
  6461 | D:7      | Reached skill level 5 in Invocations
  6910 | D:8      | Reached XP level 10. HP: 77/77 MP: 20/20
  7010 | D:8      | Found a sparkling altar of Nemelex Xobeh.
  7039 | D:8      | You fall into a shaft and drop 1 floor!
  7049 | D:9      | Found a staircase to the Lair.
  7207 | D:9      | Reached skill level 5 in Long Blades
  7207 | D:9      | Reached skill level 5 in Axes
  7207 | D:9      | Reached skill level 5 in Maces & Flails
  7207 | D:9      | Reached skill level 5 in Polearms
  7207 | D:9      | Reached skill level 5 in Staves
  7207 | D:9      | Reached skill level 5 in Slings
  7207 | D:9      | Reached skill level 5 in Bows
  7207 | D:9      | Reached skill level 5 in Crossbows
  7207 | D:9      | Reached skill level 5 in Throwing
  7207 | D:9      | Reached skill level 5 in Stealth
  7207 | D:9      | Reached skill level 5 in Shields
  7207 | D:9      | Reached skill level 5 in Unarmed Combat
  7207 | D:9      | Reached skill level 5 in Evocations
  7401 | D:8      | Found a sacrificial altar of Ru.
  7402 | D:8      | Found a radiant altar of Vehumet.
  7403 | D:8      | Found a shadowy altar of Dithmenos.
  7587 | D:9      | Noticed Erolcha
  7642 | D:9      | Found a staircase to the Orcish Mines.
  7750 | D:9      | Noticed a two-headed ogre
  7781 | D:9      | Killed a two-headed ogre
  7806 | D:9      | Reached ***** piety under Makhleb
  7971 | D:9      | Killed Erolcha
  8166 | D:10     | Entered Level 10 of the Dungeon
  8257 | D:10     | Found a runed translucent gate.
  8257 | D:10     | Found a runed translucent gate.
  8257 | D:10     | Found a runed translucent gate.
  8259 | D:10     | Noticed Elellon's ghost (novice HOFi)
  8338 | D:10     | Found a glowing golden altar of the Shining One.
  8456 | D:10     | Noticed a gargoyle
  8467 | D:10     | Killed a gargoyle
  8467 | D:10     | Reached XP level 11. HP: 66/84 MP: 22/22
  8485 | D:10     | Gained mutation: You possess an exceptional clarity of
                  | mind. [potion of mutation]
  8485 | D:10     | Gained mutation: You are partially covered in large bone
                  | plates. (SH +4) [potion of mutation]
  8485 | D:10     | Gained mutation: Your system is resistant to poisons.
                  | (rPois) [potion of mutation]
  8486 | D:10     | HP: 1/84 [something/bolt of acid (22)]
  8486 | D:10     | Splashed by an orc wizard's acid

Levels and vault maps discovered:
D:1:      lightli_arrival_quake, layout_basic, chequers_serial_rivers_room_b,
          minmay_liquid_box
D:2:      layout_basic, lemuel_crystal_altar, lemuel_round_altar, first_ration,
          uniq_crazy_yiuf_cottage
D:3:      wander_river, layout_loops_ring, lemuel_round_altar,
          nrook_mini_backslash, uniq_terence
D:4:      layout_loops_ring, lemuel_crystal_altar, trog_eyes_of_draining,
          cheibriados_altar_1, lemuel_crystal_altar,
          nicolae_ashenzari_panopticon, uniq_natasha
D:5:      layout_basic, serial_shops, nicolae_shop_trees, gup_sewer_entry_glass,
          nicolae_ossuary_entry_giza, minmay_misc_feat_plants, st_stairs_5,
          minmay_misc_feat_rows
D:6:      layout_basic, minmay_temple_entry_large_hall, serial_shops, shop,
          vehumet_altar_wand_db
D:7:      layout_gridville, nicolae_gozag_seed_capital
D:8:      layout_rooms, minitemple, nemelex_altar_shiori, blue_anna_alchemist
          [blue_anna_fruit_fields, blue_anna_fruit_fields]
D:9:      layout_cave_pools, lair_entry_dummy, erik_orc_4, uniq_erolcha
D:10:     layout_stronghold, gammafunk_ghost_split, basic_altar,
          minmay_microvault

Skill      XL: |  1  2  3  4  5  6  7  8  9 10 |
---------------+-------------------------------+-----
Spellcasting   | 5 6 7 |  7.7
Invocations    | 1 2 3 4 5 6 |  6.2
Long Blades    | 1 2 3 4 5 |  5.7
Axes           | 1 2 3 4 5 |  5.7
Maces & Flails | 1 2 3 4 5 |  5.7
Polearms       | 1 2 3 4 5 |  5.7
Staves         | 1 2 3 4 5 |  5.7
Slings         | 1 2 3 4 5 |  5.7
Bows           | 1 2 3 4 5 |  5.7
Crossbows      | 1 2 3 4 5 |  5.7
Throwing       | 1 2 3 4 5 |  5.7
Stealth        | 1 2 3 4 5 |  5.7
Shields        | 1 2 3 4 5 |  5.7
Unarmed Combat | 1 2 3 4 5 |  5.7
Evocations     | 1 2 3 4 5 |  5.7
Conjurations   | 1 2 3 4 |  4.7
Hexes          | 1 2 3 4 |  4.7
Summonings     | 1 2 3 4 |  4.7
Necromancy     | 1 2 3 4 |  4.7
Translocations | 1 2 3 4 |  4.7
Transmutations | 1 2 3 4 |  4.7
Fire Magic     | 1 2 3 4 |  4.7
Ice Magic      | 1 2 3 4 |  4.7
Air Magic      | 1 2 3 4 |  4.7
Earth Magic    | 1 2 3 4 |  4.7
Poison Magic   | 1 2 3 4 |  4.7
Armour         | 3 4 5 6 |  6.3
Fighting       | 5 6 7 |  7.4
Short Blades   | 5 6 7 |  7.4
Dodging        | 5 6 7 |  7.4
Charms         | 6 7 |  7.3

Action                   |  1- 3 |  4- 6 |  7- 9 | 10-12 || total
-------------------------+-------+-------+-------+-------++-------
Melee: Short sword       |   108 |   243 |       |       ||   351
       Bite              |     9 |    26 |    40 |    28 ||   103
       Punch             |       |     3 |     2 |       ||     5
       Dagger            |       |     6 |   247 |       ||   253
       Scimitar          |       |       |   125 |   172 ||   297
Throw: Dart              |     1 |     8 |     7 |       ||    16
       Stone             |       |     6 |     3 |       ||     9
       Boomerang         |       |       |    17 |    12 ||    29
 Cast: Infusion          |     4 |     8 |     7 |     3 ||    22
       Shroud of Golubri |     2 |    17 |    23 |     7 ||    49
       Regeneration      |     1 |    10 |     7 |     4 ||    22
       Song of Slaying   |     1 |     2 |     5 |       ||     8
       Spectral Weapon   |       |     1 |     8 |     3 ||    12
Invok: Lesser Servant of |       |       |     1 |       ||     1
       Minor Destruction |       |       |       |     3 ||     3
  Use: Potion            |       |     1 |     1 |     1 ||     3
       Scroll            |       |     2 |     9 |       ||    11
 Stab: Sleeping          |     1 |     1 |    16 |     6 ||    24
       Invisible         |       |     1 |       |       ||     1
       Distracted        |       |       |     1 |       ||     1
  Eat: Chunk             |     2 |     7 |    13 |     7 ||    29
Armor: Leather armour    |    14 |    58 |    51 |    13 ||   136
       Ring mail         |       |       |       |    18 ||    18
Dodge: Dodged            |    66 |   178 |   242 |   125 ||   611
Block: Buckler           |       |       |    29 |    56 ||    85
       Rpst.: Scimitar   |       |       |    29 |    36 ||    65
